 Dungeon Crawl Stone Soup version 0.27-b1-23-g44b8eac545 (webtiles) character file.

Game seed: 17577360337161337690

226 RascalDebosk the Sneak (level 5, -4/25 HPs)
             Began as a Spriggan Venom Mage on July 27, 2021.
             Killed from afar by an orc wizard (13 damage)
             ... with a puff of flame
             ... on level 4 of the Dungeon.
             The game lasted 00:22:35 (2447 turns).

RascalDebosk the Sneak (Spriggan Venom Mage)        Turns: 2447, Time: 00:22:35

Health: -4/25      AC:  2    Str:  4    XL:     5   Next: 69%
Magic:  8/11       EV: 18    Int: 18    God:
Gold:   78         SH:  0    Dex: 15    Spells: 2/11 levels left

rFire    . . .     SeeInvis +   f - +2 short sword (venom)
rCold    . . .     Faith    .   (shield restricted)
rNeg     . . .     Spirit   .   a - +0 robe
rPois    .         Reflect  .   (helmet restricted)
rElec    .         Harm     .   (no cloak)
rCorr    .         Rampage  .   (gloves unavailable)
Will     .....                  (boots unavailable)
Stlth    +++.......             (no amulet)
HPRegen  0.08/turn              (no ring)
MPRegen  0.12/turn              (no ring)

@: mighty, very quick
A: very small, no large weapons, unfitting armour, see invisible, speed 3
a: no special abilities


You were on level 4 of the Dungeon.
You visited 1 branch of the dungeon, and saw 4 of its levels.

You collected 78 gold pieces.

Inventory:

Hand Weapons
 b - a +0 dagger
 c - a +0 short sword
 f - a +2 short sword of venom (weapon)
Missiles
 e - 3 boomerangs of dispersal
 l - 13 poisoned darts
Armour
 a - a +0 robe (worn)
Wands
 i - a wand of acid (4) (quivered)
Scrolls
 g - 2 scrolls of identify
 h - a scroll of teleportation
Potions
 j - a potion of magic


   Skills:
 + Level 1.2 Fighting
 + Level 1.7 Short Blades
 + Level 4.1 Dodging
 + Level 4.5 Stealth
 + Level 3.7 Spellcasting
 + Level 3.0 Transmutations
 + Level 3.6 Poison Magic


You had 2 spell levels left.
You knew the following spells:

 Your Spells              Type           Power      Damage    Failure   Level
a - Sting                 Tmut/Pois      60%        1d6       3%          1
b - Poisonous Vapours     Pois/Air       20%        N/A       11%         2
c - Passwall              Tmut/Erth      6%         N/A       12%         2
d - Olgreb's Toxic Radia  Pois           16%        N/A       32%         4

Your spell library contained the following spells:

 Spells                   Type           Power      Damage    Failure   Level
 Mephitic Cloud           Conj/Pois/Air  7%         N/A       26%         3
 Swiftness                Air            3%         N/A       41%         3
 Invisibility             Hex            1%         N/A       100%        6


Dungeon Overview and Level Annotations

Branches:
Dungeon (4/15)
 Temple: D:4-7

Altars:
Gozag
Qazlal
Sif Muna
Yredelemnul


Innate Abilities, Weirdness & Mutations

You are very small and have problems with some larger weapons.
You are too small for most types of armour.
You have supernaturally acute eyesight. (SInv)
You cover ground extremely quickly. (Speed+++)


Message History

An orc comes into view. It is wielding a +0 falchion.
Things that are here:
a +0 hand axe; a +0 leather armour; an orc corpse An orc comes into view.
It is wielding a +0 whip.
Casting: Poisonous Vapours (safe; 11% risk of failure)
Confirm with . or Enter, or press ? or * to list all spells.
Aiming: Sting (safe; 3% risk of failure)
Press: ? - help, Shift-Dir - straight line, f - orc
Aim: an orc, wielding a +0 falchion and wearing a +0 leather armour (74% to hit)
The sting hits the orc.
The orc is poisoned.
The orc is lightly wounded.
Your magical contamination has completely faded away.
Things that are here:
a +0 hand axe; a +0 leather armour; an orc corpse
There is a stone staircase leading down here.
An orc comes into view. It is wielding a +0 flail.
You see here a +0 spear.
Casting: Sting (safe; 3% risk of failure)
Confirm with . or Enter, or press ? or * to list all spells.
Aiming: Sting (safe; 3% risk of failure)
Press: ? - help, Shift-Dir - straight line, f/p - orc
Aim: an orc, wielding a +0 falchion and wearing a +0 leather armour (lightly wounded, poisoned, 74% to hit)
The sting hits the orc but does no damage.
The orc looks even sicker.
The orc is lightly wounded.
The orc shouts!
It was a potion of might.
You feel very mighty all of a sudden.
You kill the orc!
The orc hits you with a +0 whip.
You puncture the orc!
You kill the orc!
You puncture the orc!
You kill the orc!
An orc wizard comes into view. It is wielding a +0 dagger.
Items here: )))) [ ††.
The orc wizard points at you and mumbles some strange words.
The puff of flame hits you!
Ouch! That really hurt!
You die...

##....#........####.#
#....#......###....#
#....#...)..'....<.#
#....#......#......#
#....#......#......#
####'#......##....##
##............#....#
#.............#.....#
≈≈.≈#...)@)......#.....#
#####...)...)....#.....#
#.............#
###########o#......
.#...... #...... ......
...?. ...(


You could see an orc wizard.

Vanquished Creatures
  An ogre (D:3)
  An orc priest (D:4)
  4 gnolls (D:4)
  2 adders (D:2)
  A worm (D:2)
  3 orcs (D:4)
  7 ball pythons
  An endoplasm (D:1)
  6 goblins
  3 hobgoblins
  3 jackals (D:1)
  5 kobolds
  2 quokkas (D:1)
  7 bats
  2 frilled lizards (D:2)
  4 rats
52 creatures vanquished.

Vanquished Creatures (others)
  6 plants (D:1)
6 creatures vanquished.

Grand Total: 58 creatures vanquished

Notes
Turn   | Place    | Note
-------+----------+-------------------------------------------
     0 | D:1      | RascalDebosk the Spriggan Venom Mage began the quest for
                  | the Orb.
     0 | D:1      | Reached XP level 1. HP: 9/9 MP: 5/5
   260 | D:1      | Reached XP level 2. HP: 8/13 MP: 2/6
   964 | D:1      | Identified a scroll of acquirement
   964 | D:1      | Acquired a book of Burglary
   969 | D:1      | Learned a level 2 spell: Poisonous Vapours
   972 | D:1      | Learned a level 2 spell: Passwall
  1363 | D:2      | Reached XP level 3. HP: 15/16 MP: 2/8
  1403 | D:2      | Found a faded altar of an unknown god.
  1975 | D:3      | Found an opulent altar of Gozag.
  1977 | D:3      | Found a shimmering blue altar of Sif Muna.
  2001 | D:3      | Noticed an ogre
  2009 | D:3      | Killed an ogre
  2010 | D:3      | Reached skill level 1 in Fighting
  2010 | D:3      | Reached skill level 1 in Short Blades
  2010 | D:3      | Reached XP level 4. HP: 22/22 MP: 5/10
  2010 | D:3      | Reached XP level 5. HP: 25/25 MP: 5/11
  2117 | D:3      | Found a stormy altar of Qazlal.
  2119 | D:3      | Found a basalt altar of Yredelemnul.
  2146 | D:3      | Learned a level 4 spell: Olgreb's Toxic Radiance
  2235 | D:4      | HP: 1/25 [gnoll (5)]
  2447 | D:4      | Killed from afar by an orc wizard

Illustrated notes

Levels and vault maps discovered:
D:1:      lightli_iron_boxes, layout_basic, minmay_shallow_snake_nest
D:2:      layout_rooms, hellmonk_ecumenical_altar_inner_sanctum
D:3:      layout_loops_ring, nicolae_overflow_hidden_temple, serial_shops,
          shop_fountains, nicolae_square_shop
D:4:      layout_gridville, temple_hall, gup_sewer_entry_spiral,
          enter_ossuary_4, uniq_robin

Skill      XL: |  1  2  3  4  5 |
---------------+----------------+-----
Dodging        | 3 4 |  4.1
Transmutations | 2 3 |  3.0
Spellcasting   | 3 |  3.7
Fighting       | 1 |  1.2
Short Blades   | 1 |  1.7
Stealth        | 4 |  4.5
Poison Magic   | |  3.6

Action                   |  1- 3 |  4- 6 || total
-------------------------+-------+-------++-------
Melee: Short sword       |    56 |    10 ||    66
 Cast: Sting             |    35 |     3 ||    38
       Poisonous Vapours |     2 |     1 ||     3
       Olgreb's Toxic Ra |       |     1 ||     1
Evoke: Wand              |     2 |     1 ||     3
  Use: Potion            |     4 |     2 ||     6
       Scroll            |     5 |       ||     5
 Stab: Sleeping          |     2 |       ||     2
Armor: Robe              |     2 |       ||     2
Dodge: Dodged            |    44 |    10 ||    54
